 Dungeon Crawl Stone Soup version 0.31.0-9-g3a7656b989 (webtiles) character file.

Game seed: 1656874606327715907

213 Conn the Sneak (level 5, 0/27 HPs)
             Began as an Octopode Fire Elementalist on Jan 27, 2024.
             Slain by an orc priest
             ... wielding a +0 trident
              (5 damage)
             ... on level 4 of the Dungeon.
             The game lasted 00:09:21 (3274 turns).

Conn the Sneak (Octopode Fire Elementalist)         Turns: 3274, Time: 00:09:21

Health: 0/27       AC:  3    Str:  7    XL:     5   Next: 90%
Magic:  9/9        EV: 14    Int: 19    God:
Gold:   187        SH:  0    Dex: 13    Spells: 4/10 levels left

rFire   . . .        (no weapon)
rCold   . . .        (no shield)
rNeg    . . .        (helmet restricted)
rPois   .            (no amulet)
rElec   .            b - ring of see invisible
rCorr   .            g - ring of willpower
SInv    +            (no ring)
Will    ++...        (no ring)
Stlth   +++          (no ring)
HPRegen 0.24/turn    (no ring)
MPRegen 0.11/turn    (no ring)
                     (no ring)

%: no passive effects
@: silenced (expiring), on berserk cooldown, enlightened, flying, slowed, very
slow
A: almost no armour, amphibious, 8 rings, camouflage 1, gelatinous body 1,
(nimble swimmer 1), tentacles, tentacle spike 1, iridescent scales 1, frail 1,
subdued magic 1
a: no special abilities


You were on level 4 of the Dungeon.
You visited 1 branch of the dungeon, and saw 4 of its levels.

You collected 187 gold pieces.

Inventory:

Missiles
 q - 4 poisoned darts
Jewellery
 b - a ring of see invisible (left tentacle)
 g - a ring of willpower (right tentacle)
Wands
 o - a wand of digging (6)
Scrolls
 c - 2 scrolls of teleportation
 d - a scroll of revelation
 h - 4 scrolls of identify {unknown}
 i - a scroll of immolation {unknown}
 j - a scroll of enchant armour {unknown}
 p - a scroll of noise {unknown}
Potions
 a - 3 potions of magic
 f - a potion of mutation


   Skills:
 + Level 3.1 Dodging
 + Level 4.4 Stealth
 + Level 3.0 Spellcasting
 + Level 2.5 Conjurations
 + Level 3.8 Fire Magic


You had 4 spell levels left.
You knew the following spells:

 Your Spells              Type           Power      Damage    Failure   Level
a - Foxfire               Conj/Fire      44%        2x1d6     3%          1
b - Scorch                Fire           26%        2d6       3%          2
c - Inner Flame           Hex/Fire       7%         N/A       17%         3

Your spell library contained the following spells:

 Spells                   Type           Power      Damage    Failure   Level
 Kiss of Death            Conj/Necr      20%        2d7       7%          1
 Sting                    Conj/Alch      20%        1d4       7%          1
 Volatile Blastmotes      Fire/Tloc      14%        2d11      17%         3
 Mercury Vapours          Alch/Air       4%         N/A       19%         2
 Flame Wave               Conj/Fire      11%        2d6       34%         4
 Confusing Touch          Hex            2%         N/A       36%         3
 Frozen Ramparts          Ice            4%         1d1       36%         3
 Dispel Undead            Necr           2%         3d7       80%         4
 Leda's Liquefaction      Alch/Erth      1%         N/A       80%         4
 Olgreb's Toxic Radiance  Alch           2%         N/A       80%         4
 Petrify                  Alch/Erth      2%         N/A       80%         4
 Metabolic Englaciation   Hex/Ice        1%         N/A       98%         5


Dungeon Overview and Level Annotations

Branches:
Dungeon (4/15)
 Temple: D:4-7

Altars:
Elyvilon
Nemelex Xobeh

Shops:
D:2 =

Annotations:
D:4 1 runed translucent door


Innate Abilities, Weirdness & Mutations

You cannot wear most types of armour.
You are amphibious.
You can wear up to eight rings at the same time.
Your skin changes colour to match your surroundings (Stealth+).
Your rubbery body absorbs attacks. (AC +1, EV +1)
((You are camouflaged when in or above water. (Stealth+)))
You have tentacles for arms and can constrict up to eight enemies at once.
One of your tentacles bears a spike.
You are partially covered in iridescent scales. (AC +2)
You are frail. (-10% HP)
Your spells are a little easier to cast, but a little less powerful.


Message History

Unknown command.
Unknown command.
Unknown command.
Unknown command.
Unknown command.
An orc priest opens the door.
You slam the door shut!
You feel your anger nearly subside.
You are no longer berserk.
You are exhausted.
You feel yourself slow down.
An orc priest opens the door.
You reach down and close the door.
An orc priest breaks down the door.
Okay, then.
Unknown command.
Unknown command.
Unknown command.
Magic scrolls do not work when you're silenced!
Unknown command.
Unknown command.
Unknown command.
Okay, then.
Okay, then.
Magic scrolls do not work when you're silenced!
Unknown command.
Unknown command.
Unknown command.
Unknown command.
Magic scrolls do not work when you're silenced!
Unknown command.
Unknown command.
Magic scrolls do not work when you're silenced!
Unknown command.
Unknown command.
It was a potion of curing.
You feel better.
The orc priest hits you from afar with a +0 trident.
* * * LOW HITPOINT WARNING * * *
The orc priest misses you.
The orc priest attacks as it pursues you!
The orc priest closely misses you.
The orc priest hits you from afar with a +0 trident.
You die...

.#...##.#.######.#.#
#.....)..........#
#.###.#.#..###.###
#.# #o#.#....#.# #.#
#.#.##.#.#.### #.#
#.#.#......... #.#
#.#.#..#.#.### #.#
#o#.#..#.#.#
#@###.#.#..#.#.#
#.#.....#..#.#.#
#o#o#.######.#.#
#####'#.#... ..#.#
#...)B..#.### ###.#
#.......#..
#.......#.#
.'.......#.#
..#.......#.#


You could see a bombardier beetle and an orc priest.

Vanquished Creatures
  A gnoll bouda (D:4)
  2 orc priests (D:4)
  2 gnolls
  An adder (D:2)
  4 ribbon worms
  4 dart slugs
  3 orcs
  6 ball pythons
  11 endoplasms
  3 giant cockroaches
  3 goblins
  8 hobgoblins
  3 jackals (D:4)
  8 kobolds
  A quokka (D:2)
  6 bats
  6 frilled lizards
  6 rats
78 creatures vanquished.

Vanquished Creatures (others)
  221 foxfires
221 creatures vanquished.

Grand Total: 299 creatures vanquished

Notes
Turn   | Place    | Note
-------+----------+-------------------------------------------
     0 | D:1      | Conn the Octopode Fire Elementalist began the quest for the
                  | Orb.
     0 | D:1      | Reached XP level 1. HP: 11/11 MP: 3/3
   218 | D:1      | Reached XP level 2. HP: 17/17 MP: 0/5
   374 | D:1      | Reached skill level 3 in Stealth
   471 | D:1      | Found a faded altar of an unknown god.
   953 | D:1      | Reached XP level 3. HP: 21/21 MP: 3/6
  1237 | D:2      | Found Epremif's Jewellery Shop.
  1745 | D:2      | Reached XP level 4. HP: 23/27 MP: 0/7
  1756 | D:2      | Gained mutation: You are frail. (-10% HP) [potion of
                  | mutation]
  1756 | D:2      | Gained mutation: Your spells are a little easier to cast,
                  | but a little less powerful. [potion of mutation]
  1756 | D:2      | Gained mutation: You are partially covered in iridescent
                  | scales. (AC +2) [potion of mutation]
  1756 | D:2      | Gained mutation: One of your tentacles bears a spike.
                  | [potion of mutation]
  2465 | D:3      | Learned a level 2 spell: Scorch
  2469 | D:3      | Learned a level 3 spell: Inner Flame
  3005 | D:3      | Found a sparkling altar of Nemelex Xobeh.
  3047 | D:4      | Reached skill level 4 in Stealth
  3056 | D:4      | Found a white marble altar of Elyvilon.
  3117 | D:4      | Reached XP level 5. HP: 27/27 MP: 2/9
  3242 | D:4      | Found a runed translucent door.
  3266 | D:4      | HP: 1/40 [orc priest/divine providence (14)]
  3274 | D:4      | Slain by an orc priest

Illustrated notes

Levels and vault maps discovered:
D:1:      erik_arrival_orb_chamber, layout_basic,
          shapermc_ecumenical_altar_acropolis, minmay_misc_feat_square
D:2:      layout_loops_ring, serial_shops, shop, minmay_randomly_rotated_circles
D:3:      layout_rooms, nemelex_dance_club_becter
D:4:      layout_basic, elyvilon_altar_3, ebering_ghost_reflecting_pool,
          grunt_decor_resistance, hangedman_decor_clover_reticule, moated_statue

Skill      XL: |  1  2  3  4  5 |
---------------+----------------+-----
Stealth        | 3 4 |  4.4
Conjurations   | 2 |  2.5
Dodging        | 3 |  3.1
Spellcasting   | 3 |  3.0
Fire Magic     | |  3.8

Action                     |  1- 3 |  4- 6 || total
---------------------------+-------+-------++-------
  Melee: Unarmed           |    10 |    48 ||    58
         Constrict         |     3 |    12 ||    15
         Tentacles         |     1 |     8 ||     9
         Kick              |       |    19 ||    19
   Cast: Foxfire           |    72 |    55 ||   127
         Scorch            |       |     2 ||     2
    Use: Scroll            |       |     5 ||     5
         Potion            |       |     6 ||     6
   Stab: Sleeping          |       |     7 ||     7
 Armour: Skin              |     9 |    37 ||    46
  Dodge: Dodged            |    12 |    32 ||    44
